 Dungeon Crawl Stone Soup version 0.20.1-1-g8b1a95d (webtiles) character file.

21 Firecrotchwizard the Chopper (level 2, 0/27 HPs)
             Began as a Hill Orc Monk on Oct 29, 2017.
             Slain by an adder (3 damage)
             ... on level 2 of the Dungeon.
             The game lasted 00:02:59 (829 turns).

Firecrotchwizard the Chopper (Hill Orc Monk)         Turns: 829, Time: 00:02:59

Health: 0/27       AC:  3    Str: 13    XL:     2   Next: 83%
Magic:  2/2        EV: 13    Int: 10    God:
Gold:   87         SH:  0    Dex: 13    Spells: 1/1 levels left

rFire    + . .     SeeInvis .   q - -1 spear (curse)
rCold    . . .     Gourm    .   (no shield)
rNeg     . . .     Faith    .   b - +1 robe
rPois    .         Spirit   .   (no helmet)
rElec    .         Reflect  .   (no cloak)
rCorr    .         Harm     .   (no gloves)
MR       .....                  (no boots)
Stlth    ++........             f - amulet of regeneration {+regen, !d}
Regen    0.5/turn               l - ring of protection from fire {rF+, !d}
MPRegen  0.1/turn               (no ring)

@: lethally poisoned (0 -> -2)
A: no striking features
a: no special abilities


You were on level 2 of the Dungeon.
You were not hungry.

You visited 1 branch of the dungeon, and saw 2 of its levels.

You collected 87 gold pieces.

Inventory:

Hand Weapons
 a - a +0 hand axe
 h - a +2 short sword of venom
   (You took it off a kobold on level 1 of the Dungeon)
 p - a +2 dagger of freezing
   (You found it on level 1 of the Dungeon)
 q - a cursed -1 spear (weapon)
   (You found it on level 1 of the Dungeon)
Armour
 b - a +1 robe (worn)
Jewellery
 f - an amulet of regeneration (around neck) {+regen, !d}
   (You found it on level 1 of the Dungeon)
 l - a ring of protection from fire (left hand) {rF+, !d}
   (You found it on level 1 of the Dungeon)
Scrolls
 m - a scroll of remove curse {unknown}
Potions
 e - a potion of curing {unknown}
 g - a potion of degeneration {unknown}
 i - 2 potions of agility
 n - a potion of heal wounds {unknown}
Comestibles
 c - 3 bread rations {@e1}
 d - a chunk of flesh {@w0}
 j - a royal jelly
 k - a meat ration {@e2}


   Skills:
 + Level 3.9 Fighting
 * Level 4.7 Axes
 + Level 0.2 Armour
 + Level 2.5 Dodging
 - Level 1.5 Stealth


You had one spell level left.
You didn't know any spells.

Dungeon Overview and Level Annotations

Branches:
Dungeon (2/15)

Altars:
Ashenzari
Cheibriados
Vehumet
Yredelemnul


Message History

You hit the hobgoblin.
The hobgoblin hits you but does no damage.
You hit the hobgoblin but do no damage. The hobgoblin closely misses you.
You barely miss the hobgoblin. The hobgoblin misses you.
The rat completely misses you.
You hit the hobgoblin.
You kill the hobgoblin!
The rat bites you.
You take 2 damage, and have 25/27 hp.
You hit the rat. The rat bites you but does no damage.
You hit the rat.
You kill the rat!
Some of the chunks of flesh in your inventory have rotted away.
No target in view!
You butcher the rat corpse.
d - 9 chunks of flesh {@w0} (gained 1)
m - a scroll labeled DUM RUSKUREL Health restored: 27 You now have 87 gold pieces (gained 8).
A worm comes into view.
Attack whom?
Aim: a worm You reach to attack!
You hit the worm but do no damage. You hit the worm. The worm bites you.
You take 2 damage, and have 25/27 hp.
You barely miss the worm. You hit the worm but do no damage.
The worm closely misses you.
You hit the worm. You hit the worm but do no damage. The worm bites you.
You take 3 damage, and have 23/27 hp.
You hit the worm. The worm bites you.
You take 6 damage, and have 17/27 hp.
MASSIVE DAMAGE!!
You hit the worm but do no damage.
Some of the chunks of flesh in your inventory have rotted away.
You barely miss the worm. The worm bites you.
You take 3 damage, and have 15/27 hp.
You hit the worm but do no damage. You hit the worm but do no damage.
The worm bites you.
You take 6 damage, and have 10/27 hp.
MASSIVE DAMAGE!!
You are too injured to fight recklessly!
You are too injured to fight recklessly!
You are too injured to fight recklessly!
Firing (i - inventory): No suitable missiles.
Aim: a worm
Okay, then.
Attack whom?
Aim: a worm You reach to attack!
You barely miss the worm. The worm barely misses you.
Attack whom?
Aim: a worm You reach to attack!
You hit the worm.
Attack whom?
Aim: a worm (lightly wounded)
You reach to attack!
You hit the worm.
Attack whom?
Aim: a worm (lightly wounded)
You reach to attack!
You hit the worm.
Attack whom?
Aim: a worm (heavily wounded)
You hit the worm but do no damage. The worm bites you!
* * * LOW HITPOINT WARNING * * *
You take 9 damage, and have 7/27 hp.
MASSIVE DAMAGE!!
An adder and a kobold come into view.
The adder hisses angrily.
Some of the chunks of flesh in your inventory have rotted away.
The adder bites you.
You are poisoned.
The adder poisons you!
You feel sick.
You take 1 damage, and have 8/27 hp.
You feel sick. The adder bites you.
* * * LOW HITPOINT WARNING * * *
You are more poisoned.
The adder poisons you!
You take 2 damage, and have 7/27 hp.
Attack whom?
Aim: an adder You miss the adder.
You feel sick. The adder bites you.
* * * LOW HITPOINT WARNING * * *
You are more poisoned.
The adder poisons you!
You take 3 damage, and have 5/27 hp.
Attack whom?
Aim: an adder You hit the adder.
You feel sick. The adder barely misses you. The adder bites you.
* * * LOW HITPOINT WARNING * * *
You take 2 damage, and have 3/27 hp.
Attack whom?
Aim: an adder (moderately wounded)
You miss the adder.
You feel sick. The adder barely misses you.
Attack whom?
Aim: an adder (moderately wounded)
You barely miss the adder. The adder bites you.
You die...

#..(.#.###.## ..
#....##.#.##
.##.<####...######
#................#
#.....####...####.#
#..#..#.##.#.# .#
####..#.#.###.# .#
#...#..#####...#
.#.....@.# ..#
#.#..####S#...#
#..# ##....##
###.#..###..#..#
.......%w......##
.......#.....###
....#.##...$[#
##..#. #.....# ...
#. #.....#


You could see an adder.

Vanquished Creatures
  4 goblins (D:1)
  4 hobgoblins
  3 kobolds
  5 bats (D:1)
  4 rats
20 creatures vanquished.

Notes
Turn   | Place    | Note
-------+----------+-------------------------------------------
     0 | D:1      | Firecrotchwizard the Hill Orc Monk began the quest for the Orb.
     0 | D:1      | Reached XP level 1. HP: 19/19 MP: 1/1
   151 | D:1      | Reached XP level 2. HP: 27/27 MP: 2/2
   739 | D:2      | Found a radiant altar of Vehumet.
   742 | D:2      | Found a shattered altar of Ashenzari.
   742 | D:2      | Found a snail-covered altar of Cheibriados.
   745 | D:2      | Found a basalt altar of Yredelemnul.
   826 | D:2      | HP: 5/27 [adder (2)]
   829 | D:2      | Slain by an adder

Action                   || total
-------------------------++-------
Melee: Hand axe          ||    10
       Short sword       ||     6
       Spear             ||    74
  Use: Scroll            ||     4
 Stab: Sleeping          ||     4
Armor: Robe              ||    25
Dodge: Dodged            ||    64

Vault maps used:
D:1:      onia_arrival_mini_spirals, nrook_mini_backslash, st_stairs_7
D:2:      grunt_temple_overflow_open, first_bread, hex_intersection

Table legend:
 A = Turns spent in this place as a percentage of turns spent in the entire game.
 B = Non-inter-level travel turns spent in this place as a percentage of non-inter-level travel turns spent in the entire game.
 C = Inter-level travel turns spent in this place as a percentage of turns spent in this place.
 D = Turns resting spent in this place as a percentage of non-inter-level travel turns spent in this place.
 E = Turns spent auto-exploring this place as a percentage of non-inter-level travel turns spent in this place.
 F = Non-inter-level travel turns spent in this place divided by the number of levels of this place that you've seen.
                   A       B       C       D       E      F
               +-------+-------+-------+-------+-------+----------------------
         Total | 100.0 | 100.0 |   0.3 |   0.0 |  13.5 | 155.0
       Dungeon | 100.0 | 100.0 |   0.3 |   0.0 |  13.5 | 155.0
               +-------+-------+-------+-------+-------+----------------------

Table legend:
 A = Kills in this place as a percentage of kills in entire the game.
 B = Kills by you in this place as a percentage of kills by you in the entire game.
 C = Kills by friends in this place as a percentage of kills by friends in the entire game.
 D = Other kills in this place as a percentage of other kills in the entire game.
 E = Experience gained in this place as a percentage of experience gained in the entire game.
 F = Experience gained in this place divided by the number of levels of this place that you have seen.
                   A       B       C       D       E      F
               +-------+-------+-------+-------+-------+----------------------
         Total | 100.0 | 100.0 |  -nan |  -nan | 100.0 |  15.0
       Dungeon | 100.0 | 100.0 |  -nan |  -nan | 100.0 |  15.0
               +-------+-------+-------+-------+-------+----------------------
